 Dungeon Crawl Stone Soup version bcrawl-1.12-10-g10a67aac0f (webtiles) character file.

Game seed: 11372328470952073991

39 MisterOstroum the Cudgeler (level 3, -1/37 HPs)
             Began as a Troll Chaos Knight on June 11, 2019.
             Was a Plaything of Xom.
             Slain by a gnoll
             ... wielding a +0 club
              (6 damage)
             ... on level 2 of the Dungeon.
             The game lasted 00:01:29 (914 turns).

MisterOstroum the Cudgeler (Troll Chaos Knight)      Turns: 914, Time: 00:01:30

Health: -1/37      AC:  5    Str: 21    XL:     3   Next: 28%
Magic:  2/2        EV: 10    Int:  9    God:    Xom [....*.]
Gold:   77         SH:  0    Dex:  9    Spells: 2/2 levels left

rFire    . . .     SeeInvis .     - Unarmed
rCold    . . .     Gourm    +   (no shield)
rNeg     . . .     Faith    .   (armour unavailable)
rPois    .         Spirit   .   (helmet restricted)
rElec    .         Reflect  .   (no cloak)
rCorr    .         Harm     .   (gloves unavailable)
MR       .....                  (boots unavailable)
Stlth    +.........             (no amulet)
HPRegen  0.12/turn              (no ring)
MPRegen  0.08/turn              (no ring)

@: no status effects
A: large, almost no armour, unfitting armour, claws 3, fast metabolism 3,
gourmand, AC +5
a: Renounce Religion


You were on level 2 of the Dungeon.
You worshipped Xom.
You were a beloved toy of Xom.
You were completely stuffed.

You visited 1 branch of the dungeon, and saw 2 of its levels.

You collected 77 gold pieces.

Inventory:

Hand Weapons
 a - a +0 mace of chaos
Missiles
 h - 293 stones (quivered)
Scrolls
 d - a scroll of identify {unknown}
Potions
 b - a potion of mutation {unknown}
 c - a potion of curing {unknown}
 f - a potion of lignification {unknown}
 g - a potion of haste {unknown}
Comestibles
 e - 2 rations {!d}
 i - 4 chunks of flesh


   Skills:
 + Level 3.1 Fighting
 - Level 3.3 Maces & Flails
 - Level 1.9 Dodging
 + Level 1.3 Unarmed Combat


You had 2 spell levels left.
You didn't know any spells.
Your spell library was empty.

Dungeon Overview and Level Annotations

Branches:
Dungeon (2/12)

Altars:


Innate Abilities, Weirdness & Mutations

You cannot wear most types of armour.
Your thick skin is tough. (AC +5)
You are too large for most types of armour.
You have claws for hands.
Your metabolism is lightning-fast.
You like to eat raw meat.


Message History

You barely miss the ball python. The ball python bites you.
You scratch the ball python.
The ball python is severely wounded.
The ball python bites you but does no damage.
You barely miss the ball python.
The ball python is severely wounded.
The ball python bites you.
You claw the ball python!
You kill the ball python!
No target in view!
No target in view!
No target in view!
No target in view!
No target in view!
No target in view!
Eating one of 6 chunks of flesh.
You eat one of the 6 chunks of flesh.
This raw flesh tastes great.
You now have 77 gold pieces (gained 21).
Done exploring.
Done exploring.
Done exploring.
No target in view!
(D) Dungeon
Where to? (? - help)
There is a stone staircase leading down here.
You climb downwards.
A giant cockroach and 2 gnolls come into view.
The gnoll shouts!
You hear a shout!
Found 160 arrows.
There is a stone staircase leading up here.
There are monsters nearby!
There are monsters nearby!
There are monsters nearby!
You scratch the gnoll.
The gnoll is moderately wounded.
The gnoll hits you but does no damage.
You closely miss the gnoll.
The gnoll is moderately wounded.
The giant cockroach closely misses you. The gnoll hits you.
You barely miss the gnoll.
The gnoll is moderately wounded.
The giant cockroach closely misses you. The gnoll hits you.
The giant cockroach bites you.
You scratch the gnoll.
The gnoll is severely wounded.
The giant cockroach bites you but does no damage.
The gnoll barely misses you.
You closely miss the gnoll.
The gnoll is severely wounded.
The giant cockroach bites you but does no damage.
The gnoll hits you.
You scratch the gnoll.
You kill the gnoll!
You have reached level 3!
Your experience leads to an increase in your attributes!
Increase (S)trength, (I)ntelligence, or (D)exterity?
You feel stronger. x2; Your skin feels tougher.
The giant cockroach bites you but does no damage.
You closely miss the gnoll. The gnoll hits you with a +0 flail.
The giant cockroach bites you.
Some of the chunks of flesh in your inventory have rotted away.
You closely miss the gnoll. The giant cockroach bites you.
The gnoll hits you with a +0 flail. The giant cockroach closely misses you.
You are too injured to fight recklessly!
You are too injured to fight recklessly!
You are too injured to fight recklessly!
You closely miss the giant cockroach.
The giant cockroach bites you but does no damage.
You claw the giant cockroach!
You kill the giant cockroach!
You scratch the gnoll.
The gnoll is lightly wounded.
The gnoll hits you with a +0 flail!
* * * LOW HITPOINT WARNING * * *
You barely miss the gnoll.
The gnoll is lightly wounded.
The gnoll closely misses you.
You claw the gnoll!
The gnoll is severely wounded.
You barely miss the gnoll.
The gnoll is severely wounded.
The gnoll misses you.
You scratch the gnoll.
The gnoll is almost dead.
The gnoll hits you with a +0 flail.
* * * LOW HITPOINT WARNING * * *
You closely miss the gnoll.
The gnoll is almost dead.
The gnoll hits you with a +0 flail.
* * * LOW HITPOINT WARNING * * *
A gnoll comes into view. It is wielding a +0 spear.
You closely miss the gnoll.
The gnoll is almost dead.
The gnoll shouts!
You hear a shout!
The gnoll completely misses you.
A gnoll comes into view. It is wielding a +0 club.
The gnoll shouts!
The gnoll hits you with a +0 club.
You die...
Xom roars with laughter!

######
......######
.......@.#..
.......g.#.#
#####.##.#.#
#. #.#.# #
##g#<#
#.g..#
#.....(..#
###.#...##
#.##.##


You could see 3 gnolls.

Vanquished Creatures
  A gnoll (D:2)
  A dart slug (D:1)
  A leopard gecko (D:1)
  2 giant cockroaches
  2 goblins (D:1)
  4 hobgoblins (D:1)
  3 jackals (D:1)
  A ball python (D:1)
  2 bats (D:1)
  2 frilled lizards (D:1)
  3 kobolds (D:1)
  4 rats (D:1)
26 creatures vanquished.

Notes
Turn   | Place    | Note
-------+----------+-------------------------------------------
     0 | D:1      | MisterOstroum the Troll Chaos Knight began the quest for
                  | the Orb.
     0 | D:1      | Reached XP level 1. HP: 22/22 MP: 0/0
   127 | D:1      | XOM: divination: magic mapping
   132 | D:1      | Reached XP level 2. HP: 23/29 MP: 1/1
   417 | D:1      | XOM is BORED!
   417 | D:1      | XOM: mild Conj miscast
   443 | D:1      | XOM: harmless Tmut miscast
   635 | D:1      | XOM: harmless Tloc miscast
   694 | D:1      | Reached skill level 1 in Unarmed Combat
   898 | D:2      | Reached XP level 3. HP: 28/37 MP: 2/2
   914 | D:2      | Slain by a gnoll

Skill      XL: |  1  2 |
---------------+-------+-----
Unarmed Combat | 1 |  1.3
Fighting       | 3 |  3.1
Maces & Flails | |  3.3
Dodging        | |  1.9

Action                   || total
-------------------------++-------
Melee: Mace              ||    21
       Unarmed           ||    52
 Stab: Sleeping          ||     1
  Eat: Chunk             ||    11
Armor: Skin              ||    32
Dodge: Dodged            ||    41
